 Dungeon Crawl Stone Soup version 0.30-a0-883-g5ad918d77d (webtiles) character file.

Game seed: 7464418300078779687

183 Dittersdorf the Shield-Bearer (level 5, -2/34 HPs)
             Began as a Gargoyle Fighter on Mar 15, 2023.
             Slain by a river rat (6 damage)
             ... in a sewer.
             The game lasted 00:04:14 (1991 turns).

Dittersdorf the Shield-Bearer (Gargoyle Fighter)    Turns: 1991, Time: 00:04:15

Health: -2/34      AC:  8    Str: 21    XL:     5   Next: 62%
Magic:  5/5        EV:  9    Int:  9    God:
Gold:   33         SH:  4    Dex:  9    Spells: 4/4 levels left

rFire   . . .      SeeInvis .    a - +0 flail
rCold   . . .      Faith    .    c - +0 buckler
rNeg    + . .      Spirit   .    b - +0 scale mail
rPois   ∞          Reflect  .    k - +0 helmet
rElec   +          Rampage  .    (no cloak)
rCorr   .                        (no gloves)
Will    .....                    (no boots) Stlth
                                 (no amulet)
HPRegen 0.25/turn                (no ring)
MPRegen 0.09/turn                (no ring)

@: corroded
A: sickness immunity, AC +4, negative energy resistance 1, electricity
resistance, torment resistance 1, petrification resistance
a: no special abilities


You were in a sewer.
You visited 1 branch of the dungeon, and saw 3 of its levels.
You also visited: Sewer.

You collected 33 gold pieces.

Inventory:

Hand Weapons
 a - a +0 flail (weapon)
Armour
 b - a +0 scale mail (worn)
 c - a +0 buckler (worn)
 k - a +0 helmet (worn)
Jewellery
 g - a ring of ice
Scrolls
 l - a scroll of teleportation
Potions
 d - a potion of might
 e - a potion of brilliance
 f - a potion of heal wounds {unknown}
 h - a potion of mutation
 j - 2 potions of curing


   Skills:
 + Level 4.4 Fighting
 + Level 3.2 Maces & Flails
 + Level 4.3 Armour
 + Level 4.4 Shields


You had 4 spell levels left.
You didn't know any spells.
Your spell library was empty.

Dungeon Overview and Level Annotations

Branches:
Dungeon (3/15)              Sewer (1/1)

Altars:


Innate Abilities, Weirdness & Mutations

You are immune to sickness and miasma.
Your stone body is resilient. (AC +4)
You are immune to poison.
You resist negative energy. (rN+)
You are resistant to electric shocks. (rElec)
You are resistant to unholy torment.
You are immune to petrification.


Message History

The jelly is almost dead.
The river rat bites you but does no damage.
You block the jelly's attack.
You are too injured to fight recklessly!
You are too injured to fight recklessly!
You are too injured to fight recklessly!
You are too injured to fight recklessly!
You are too injured to fight recklessly!
You are too injured to fight recklessly!
You are too injured to fight recklessly!
You are too injured to fight recklessly!
You are too injured to fight recklessly!
You are too injured to fight recklessly!
You are too injured to fight recklessly!
You are too injured to fight recklessly!
You are too injured to fight recklessly!
You are too injured to fight recklessly!
You are too injured to fight recklessly!
You are too injured to fight recklessly!
You hit the jelly.
You kill the jelly!
The river rat bites you.
You hit the river rat but do no damage. The river rat bites you.
* * * LOW HITPOINT WARNING * * *
The river rat bites you but does no damage.
You hit the river rat.
The river rat is moderately wounded.
The river rat bites you.
* * * LOW HITPOINT WARNING * * *
You closely miss the river rat.
The river rat is moderately wounded.
The river rat bites you.
* * * LOW HITPOINT WARNING * * *
You barely miss the river rat.
The river rat is moderately wounded.
The river rat bites you but does no damage.
You hit the river rat but do no damage.
The river rat is moderately wounded.
The river rat bites you.
You die...

#........# #.
########## #. #####
##~ ##~~~## #~.
#~...~## ##..
#~.#~..####.~.
####..##..##.~..~
##.~.~~~####~~.~.#
#@....~~~##..~~###
#~~r.~~###~.~~~.~##
#...~~.## ##.~~~~##
.....##~.# ##.~.~#
.~.~# #~~# ~~.~.~#
..~. #~~. ~~.~~~.~#
~.~
##∩~~.~...~#.~~# ##
##..~.#~.~##~~~~
####~~## #~~~


You could see a river rat.

Vanquished Creatures
  2 jellies (Sewer)
  Robin (D:2)
  An adder (D:2)
  A river rat (Sewer)
  2 worms
  A dart slug (D:1)
  4 orcs
  3 ball pythons
  9 endoplasms
  7 giant cockroaches
  15 goblins
  7 hobgoblins
  2 jackals (D:1)
  4 quokkas
  5 bats
  3 frilled lizards
  A kobold (D:2)
  9 rats
77 creatures vanquished.

Notes
Turn   | Place    | Note
-------+----------+-------------------------------------------
     0 | D:1      | Dittersdorf the Gargoyle Fighter began the quest for the
                  | Orb.
     0 | D:1      | Reached XP level 1. HP: 14/14 MP: 1/1
   123 | D:1      | Reached XP level 2. HP: 13/19 MP: 2/2
   397 | D:1      | Reached XP level 3. HP: 14/23 MP: 3/3
   683 | D:1      | Found a faded altar of an unknown god.
   758 | D:2      | Noticed Robin
   882 | D:2      | Killed Robin
   883 | D:2      | Reached XP level 4. HP: 23/29 MP: 4/4
  1739 | D:3      | Found a glowing drain.
  1743 | Sewer    | Entered a sewer
  1776 | Sewer    | Reached XP level 5. HP: 33/33 MP: 5/5
  1991 | Sewer    | Slain by a river rat

Illustrated notes

Levels and vault maps discovered:
D:1:      wander_arrival_peaceful_grave, layout_basic,
          dreamdust_ecumenical_altar_hidden_monk_grotto
D:2:      layout_basic, uniq_robin
D:3:      wander_river, layout_rooms, gup_sewer_entry_spiral,
          grunt_ministairs_11
Sewer:    sewer_hellmonk_slimy_pipes

Skill      XL: |  1  2  3  4 |
---------------+-------------+-----
Fighting       | 4 |  4.4
Armour         | 4 |  4.3
Shields        | 4 |  4.4
Maces & Flails | 3 |  3.2

Action                     |  1- 3 |  4- 6 || total
---------------------------+-------+-------++-------
  Melee: Flail             |   108 |   143 ||   251
    Use: Scroll            |       |     5 ||     5
 Armour: Scale mail        |    56 |    84 ||   140
  Dodge: Dodged            |    44 |    68 ||   112
  Block: Buckler           |    29 |    38 ||    67

Table legend: (Time is in decaauts)
 A = Elapsed time spent in this place.
 B = Non-inter-level travel time spent in this place.
 C = Inter-level travel time spent in this place.
 D = Time resting spent in this place.
 E = Time spent auto-exploring this place.
 F = Levels seen in this place.
 G = Mean time per level.
                   A        B        C        D        E       F      G
               +--------+--------+--------+--------+--------+-----+--------+
         Total |   2098 |   2042 |     56 |    116 |   1236 |   4 |  524.5 |
       Dungeon |   1827 |   1771 |     56 |     36 |   1136 |   3 |  609.0 |
         Sewer |    270 |    270 |      0 |     80 |    100 |   1 |  270.0 |
               +--------+--------+--------+--------+--------+-----+--------+

Top non-repeatable levels by time:
     D:2: 933 daAuts
     D:1: 761 daAuts
   Sewer: 270 daAuts
     D:3: 132 daAuts
